 Dungeon Crawl Stone Soup version 0.28.0-53-g5a82cb258f (webtiles) character file.

Game seed: 1863563370287632525

166298 Gabide the Sensei (level 17, -2/95 HPs)
             Began as a Vine Stalker Monk on May 24, 2022.
             Was a High Priest of Fedhas.
             Shot with an arrow by a deep elf master archer (25 damage)
             ... on level 1 of the Elven Halls.
             The game lasted 01:40:11 (26354 turns).

Gabide the Sensei (Vine Stalker Monk)              Turns: 26354, Time: 01:40:12

Health: -2/95      AC: 20    Str: 14    XL:     17   Next: 89%
Magic:  0/25       EV: 18    Int: 10    God:    Fedhas [*****.]
Gold:   3689       SH:  0    Dex: 25    Spells: 16/16 levels left

rFire   . . .      SeeInvis .     - Unarmed
rCold   . . .      Faith    .   (no shield)
rNeg    + . .      Spirit   +   U - +1 ring mail "Hiosuntu" {rElec rN+}
rPois   +          Reflect  .   e - +2 helmet
rElec   +          Harm     .   J - +2 cloak {rPois}
rCorr   .          Rampage  .   d - +2 pair of gloves
Will    ++...                   I - +2 pair of boots
Stlth   ++++......              (no amulet)
HPRegen 1.05/turn               W - +4 ring of slaying
MPRegen 0.19/turn               w - +4 ring of slaying

@: hasted, studying 2 skills, very quick
A: fangs 3, regeneration 1, magic shield, antimagic bite, no potion heal 2
a: Renounce Religion, Wall of Briars, Grow Ballistomycete, Overgrow, Grow Oklob


You were on level 1 of the Elven Halls.
You worshipped Fedhas.
Fedhas was extremely pleased with you.
You visited 4 branches of the dungeon, and saw 24 of its levels.
You also visited: Sewer.

You collected 4178 gold pieces.
You spent 489 gold pieces at shops.

Inventory:

Hand Weapons
 E - a +5 dagger of distortion
Armour
 d - a +2 pair of gloves (worn)
 e - a +2 helmet (worn)
 f - the +3 salamander hide armour {Flames rF++ rC--}
   (You found it on level 6 of the Lair of Beasts)

   It surrounds you with a cloud of flames.
   It grants immunity to clouds of flame.
   It enhances your fire magic.
   rF:        It greatly protects you from fire.
   rC:        It makes you very vulnerable to cold.
 v - an orb of light
 G - +0 acid dragon scales
 I - a +2 pair of boots (worn)
 J - a +2 cloak of poison resistance (worn)
 L - a +2 robe of willpower
 U - the +1 ring mail "Hiosuntu" (worn) {rElec rN+}
   (You found it on level 1 of the Lair of Beasts)

   rElec:     It insulates you from electricity.
   rN:        It protects you from negative energy.
Jewellery
 c - a +4 ring of evasion
 h - a ring of resist corrosion
 u - a ring of magical power
 w - a +4 ring of slaying (right hand)
 y - a +4 ring of protection
 A - the amulet of Oriehati {Faith Dex+3}
   (You found it on level 4 of the Dungeon)

   [amulet of faith]

   It allows you to gain divine favour quickly.
   Dex:       It affects your dexterity (+3).
 D - a ring of see invisible
 W - a +4 ring of slaying (left hand)
Wands
 g - a wand of iceblast (16)
 F - a wand of paralysis (6)
 K - a wand of flame (26)
 P - a wand of mindburst (18)
 Z - a wand of acid (4)
Scrolls
 a - a scroll of noise
 i - a scroll of vulnerability
 m - 17 scrolls of teleportation
 n - 3 scrolls of brand weapon
 p - 4 scrolls of amnesia
 s - 6 scrolls of magic mapping
 x - a scroll of enchant armour
 C - a scroll of immolation
 M - a scroll of blinking
 O - a scroll of holy word
 Q - 4 scrolls of fear
 T - a scroll of silence
 V - a scroll of summoning
 X - a scroll of fog
Potions
 b - a potion of lignification
 j - 3 potions of curing
 k - 3 potions of might
 l - 7 potions of attraction
 o - a potion of berserk rage
 q - 3 potions of mutation
 r - 3 potions of flight
 t - 4 potions of magic
 z - 3 potions of cancellation
 H - 2 potions of ambrosia
 R - a potion of haste
 Y - a potion of brilliance
Miscellaneous
 B - a phial of floods
 N - a lightning rod (4/4)


   Skills:
 + Level 13.2 Fighting
 - Level 5.0 Armour
 - Level 10.0 Dodging
 - Level 10.0 Stealth
 - Level 21.0 Unarmed Combat
 - Level 10.0 Invocations


You had 16 spell levels left.
You didn't know any spells.
Your spell library contained the following spells:

 Spells                   Type           Power      Damage    Failure   Level
 Animate Skeleton         Necr           0%         N/A       58%         1
 Apportation              Tloc           0%         N/A       58%         1
 Beastly Appendage        Tmut           0%         N/A       58%         1
 Magic Dart               Conj           0%         1d3       58%         1
 Shock                    Conj/Air       0%         1d3       58%         1
 Summon Small Mammal      Summ           0%         N/A       58%         1
 Call Imp                 Summ           0%         N/A       73%         2
 Corpse Rot               Necr/Air       0%         N/A       73%         2
 Ensorcelled Hibernation  Hex/Ice        0%         N/A       73%         2
 Passwall                 Tmut/Erth      0%         N/A       73%         2
 Wereblood                Tmut           0%         N/A       73%         2
 Dazzling Flash           Conj/Hex       0%         N/A       91%         3
 Mephitic Cloud           Conj/Pois/Air  0%         N/A       91%         3
 Spider Form              Tmut/Pois      0%         N/A       91%         3
 Swiftness                Air            0%         N/A       91%         3
 Tukima's Dance           Hex            0%         N/A       91%         3
 Airstrike                Air            0%         N/A       100%        4
 Anguish                  Hex/Necr       0%         N/A       100%        4
 Dispel Undead            Necr           0%         3d6       100%        4
 Fulminant Prism          Conj/Hex       0%         3d6       100%        4
 Iskenderun's Mystic Bla  Conj/Tloc      0%         2d3       100%        4
 Summon Lightning Spire   Summ/Air       0%         N/A       100%        4
 Agony                    Necr           0%         N/A       100%        5
 Lee's Rapid Deconstruct  Erth           0%         3d5*      100%        5
 Silence                  Hex/Air        0%         N/A       100%        5
 Death Channel            Necr           0%         N/A       100%        6
 Enfeeble                 Hex            0%         N/A       100%        7
 Borgnjor's Revivificati  Necr           0%         N/A       100%        8
 Maxwell's Capacitive Co  Air            0%         ∞         100%        8


Dungeon Overview and Level Annotations

Branches:
Dungeon (15/15)            Temple (0/1) D:4            Lair (6/6) D:11
  Swamp (0/4) Lair:2       Spider (0/4) Lair:4        Slime (0/5) Lair:5
    Orc (2/2) D:11            Elf (1/3) Orc:2        Vaults (0/5) D:13
 Depths (0/4) D:15          Sewer (visited)

Altars:
Dithmenos
Elyvilon
Fedhas
Qazlal
Ru
Trog
Wu Jian
Yredelemnul
Zin
Jiyva

Shops:
D:1 *   Orc:2 ***:

Annotations:
D:10 3 runed translucent doors, TinSoldier's ghost, journeyman DsCA
Elf:1 1 runed translucent door, Kaobra's ghost, adept GnWz


Innate Abilities, Weirdness & Mutations

You have razor-sharp teeth.
Your natural rate of healing is unusually fast.
When hurt, damage is shared between your health and your magic reserves.
Your bite disrupts and absorbs the magic of your enemies.
Potions cannot restore your health.


Message History

The deep elf master archer shoots an arrow.
The arrow hits you.
There is a large open door here.
Press: ? - help, v - describe, . - travel
Here: a deep elf master archer, wielding a +0 longbow, wearing a +0 leather armour and quivering arrows The floor.
Unknown command.
You pummel the deep elf master archer!!
Your punch misses the deep elf master archer.
You bite the deep elf master archer. You drain its power.
You feel invigorated.
The deep elf master archer is moderately wounded.
The deep elf master archer shoots an arrow.
The arrow hits you!!!
* * * LOW HITPOINT WARNING * * *
The deep elf archer casts a spell.
The deep elf archer blinks!
Throw: throwing net
Press: ? - help, Q - select action, (/) - cycle Shift-Dir - straight line, f - deep elf master archer
Aim: a deep elf master archer, wielding a +0 longbow, wearing a +0 leather armour and quivering arrows (moderately wounded, 64% to hit)
You throw a throwing net.
The throwing net barely misses the deep elf master archer.
The deep elf archer casts a spell at you.
You resist with almost no effort.
The deep elf master archer shoots an arrow.
The arrow hits you but does no damage.
The deep elf master archer unwields a +0 longbow.
The deep elf master archer hits you!
* * * LOW HITPOINT WARNING * * *
Okay, then.
As you read the scroll of fear, it crumbles to dust.
You assume a fearsome visage.
The deep elf archer looks frightened!
The deep elf master archer resists with almost no effort.
The deep elf archer casts a spell.
The deep elf archer blinks!
You feel yourself speed up.
The deep elf master archer wields a +0 longbow.
The deep elf master archer shoots an arrow.
The arrow hits you!!
You die...
Fedhas appreciates your contribution to the ecosystem.

#.# ........ #.# #.#
#.# #.# ####### #.#
##.....# #.#
##......#
#.###.......### 8
#...'......>@e#....
#####.......'......e
#......##§...§..
##....## ###....
##..## ... #### .. .


You could see a deep elf master archer and a deep elf archer (repels missiles).

Vanquished Creatures
  Kirke (D:15)
  A deep elf demonologist (Elf:1)
  A dire elephant (Lair:5)
  A deep elf death mage (Elf:1)
  A deep elf high priest (Elf:1)
  A great orb of eyes (D:15)
  4 vault guards (D:13)
  6 centaur warriors
  2 death knights
  11 hydras
  Erica (Orc:1)
  2 rakshasas (D:15)
  2 ogre magi
  A merfolk avatar (Lair:6)
  9 two-headed ogres
  2 dancing weapons (Elf:1)
  A two-headed ogre (shapeshifter) (D:15)
  3 death yaks (Lair:6)
  A tengu warrior (D:14)
  An orc high priest (Elf:1)
  Urug (Lair:1)
  5 deep elf knights (Elf:1)
  7 skeletal warriors
  7 deep elf archers (Elf:1)
  A wizard (D:13)
  5 orc knights
  A harpy (shapeshifter) (D:14)
  2 necromancers (Elf:1)
  11 deep elf pyromancers
  A harpy (Lair:6)
  6 deep elf zephyrmancers (Elf:1)
  An orc sorcerer (Orc:2)
  12 ugly things
  A cyclops (D:11)
  5 elephants
  A manticore (Lair:6)
  A torpor snail (Lair:5)
  5 black mambas
  4 gargoyles
  14 cane toads
  A rime drake (shapeshifter) (D:14)
  2 unseen horrors
  6 rime drakes
  Psyche (D:11)
  4 tengu conjurers
  3 efreet
  A freezing wraith (D:15)
  14 komodo dragons
  A meliai (D:13)
  3 trolls
  A large abomination (Elf:1)
  3 wind drakes (Lair:6)
  A hornet (Lair:5)
  A tyrant leech (Lair:2)
  8 slime creatures
  16 blink frogs
  3 culicivoras (Lair:4)
  A culicivora (shapeshifter) (D:14)
  8 wraiths
  50 yaks
  An air elemental (Elf:1)
  A water elemental (Elf:1)
  2 vampires (D:11)
  4 wyverns
  2 basilisks
  3 fire elementals (Elf:1)
  3 hogs (D:15)
  3 steam dragons
  15 vampire mosquitoes
  2 wargs (Orc:2)
  An acid dragon (D:11)
  2 swamp worms (Lair:2)
  17 water moccasins
  33 orc warriors
  A black bear (D:7)
  4 ice beasts
  7 sky beasts
  13 ogres
  13 centaurs
  18 wolves
  3 phantoms
  3 kobold brigands
  3 elf zombies (Elf:1)
  15 bullfrogs
  2 scorpions
  3 wyvern zombies
  A gnoll sergeant (D:7)
  An earth elemental (Elf:1)
  A water moccasin zombie (D:5)
  3 water moccasin skeletons
  10 killer bees
  A wight (D:7)
  3 howler monkeys (D:10)
  6 electric eels
  4 centaur zombies
  A bullfrog zombie (D:7)
  A hound (D:5)
  9 jellies
  3 gnoll shamans
  16 orc priests
  3 bullfrog skeletons
  A centaur skeleton (D:7)
  7 iguanas
  Natasha (thrice) (D:2)
  22 orc wizards
  6 hell rats (Lair:6)
  4 killer bee zombies
  6 howler monkey zombies
  17 gnolls
  14 adders
  2 howler monkey skeletons
  5 river rats (Sewer)
  A shadow imp (D:8)
  4 white imps
  4 worms
  4 dart slugs
  86 orcs
  15 ball pythons
  26 endoplasms
  4 giant cockroaches
  12 goblins
  9 hobgoblins
  9 jackals
  5 quokkas (D:5)
  8 bats
  15 frilled lizards
  16 kobolds
  10 rats
823 creatures vanquished.

Vanquished Creatures (collateral kills)
  Josephine (Lair:4)
  A manticore (Lair:6)
  2 meliai (D:13)
  A wraith (Lair:4)
  A basilisk (Lair:6)
  4 centaurs (Orc:2)
  5 orcs (Orc:2)
  92 ballistomycete spores
107 creatures vanquished.

Vanquished Creatures (others)
  A centaur (D:8)
  11 ballistomycete spores
  41 fungi
  75 plants
128 creatures vanquished.

Grand Total: 1058 creatures vanquished

Notes
Turn   | Place    | Note
-------+----------+-------------------------------------------
     0 | D:1      | Gabide the Vine Stalker Monk began the quest for the Orb.
     0 | D:1      | Reached XP level 1. HP: 11/11 MP: 2/2
   127 | D:1      | Reached XP level 2. HP: 16/16 MP: 3/3
   431 | D:1      | Reached skill level 4 in Unarmed Combat
   523 | D:1      | Reached XP level 3. HP: 19/19 MP: 4/4
   559 | D:1      | Bought 4 curare-tipped darts for 26 gold pieces
  1139 | D:2      | Gained mutation: Your natural rate of healing is unusually
                  | fast. [Vine Stalker growth]
  1139 | D:2      | Reached XP level 4. HP: 14/23 MP: 5/5
  1513 | D:2      | Reached skill level 5 in Unarmed Combat
  1607 | D:2      | Noticed Natasha
  1614 | D:2      | Killed Natasha
  1770 | D:2      | Found a faded altar of an unknown god.
  2143 | D:2      | Noticed Natasha
  2151 | D:2      | Killed Natasha
  2152 | D:2      | Reached XP level 5. HP: 26/27 MP: 6/6
  2579 | D:2      | Noticed Natasha
  2584 | D:2      | Killed Natasha
  2639 | D:3      | Reached skill level 6 in Unarmed Combat
  2649 | D:3      | Found a glowing drain.
  2681 | D:3      | Reached XP level 6. HP: 25/32 MP: 7/7
  2694 | Sewer    | Entered a sewer
  2800 | Sewer    | Reached skill level 7 in Unarmed Combat
  3077 | Sewer    | Identified the +1 robe of Ubiquitous Knowledge {Int+3
                  | Archmagi}
  3216 | D:3      | Found a basalt altar of Yredelemnul.
  3216 | D:3      | Found a sacrificial altar of Ru.
  3220 | D:3      | Found a glowing silver altar of Zin.
  3373 | D:3      | Found a blossoming altar of Fedhas.
  3382 | D:3      | Became a worshipper of Fedhas Madash
  3382 | D:3      | Reached * piety under Fedhas
  3382 | D:3      | Reached ** piety under Fedhas
  3476 | D:3      | Found a shadowy altar of Dithmenos.
  4082 | D:3      | Reached XP level 7. HP: 35/35 MP: 8/8
  4136 | D:4      | Identified the amulet of Oriehati {Faith Dex+3}
  4258 | D:4      | Found an ornate altar of the Wu Jian Council.
  4285 | D:4      | You fall into a shaft and drop 2 floors!
  4291 | D:6      | Reached skill level 8 in Unarmed Combat
  4305 | D:6      | Reached *** piety under Fedhas
  4352 | D:5      | Entered Level 5 of the Dungeon
  4411 | D:5      | Reached skill level 9 in Unarmed Combat
  4442 | D:4      | Found a staircase to the Ecumenical Temple.
  4838 | D:5      | Gained mutation: You have razor-sharp teeth. [Vine Stalker
                  | growth]
  4838 | D:5      | Reached XP level 8. HP: 39/39 MP: 9/9
  5030 | D:5      | Reached skill level 10 in Unarmed Combat
  5035 | D:5      | Reached **** piety under Fedhas
  5316 | D:5      | Reached skill level 11 in Unarmed Combat
  5373 | D:5      | Reached XP level 9. HP: 43/43 MP: 10/10
  5481 | D:5      | Reached skill level 12 in Unarmed Combat
  5791 | D:6      | Reached ***** piety under Fedhas
  6015 | D:6      | Killed an unseen horror
  6016 | D:6      | Reached skill level 13 in Unarmed Combat
  6179 | D:6      | Got the Disquisition on the Shifting Birds
  6381 | D:7      | Reached XP level 10. HP: 47/47 MP: 11/11
  6439 | D:7      | Reached skill level 14 in Unarmed Combat
  7035 | D:7      | Reached skill level 15 in Unarmed Combat
  7156 | D:8      | Found a white marble altar of Elyvilon.
  7409 | D:8      | Noticed a centaur warrior
  8101 | D:8      | Reached skill level 16 in Unarmed Combat
  8420 | D:8      | Reached skill level 1 in Armour
  8433 | D:8      | Reached XP level 11. HP: 51/51 MP: 12/12
  8450 | D:9      | Reached ****** piety under Fedhas
  8852 | D:9      | Identified the +1 scale mail "Inoaref" {rElec rF- rN+
                  | Int+2}
  9141 | D:10     | Entered Level 10 of the Dungeon
  9156 | D:10     | Noticed an ogre mage
  9164 | D:10     | Noticed a two-headed ogre
  9167 | D:10     | Killed an ogre mage
  9167 | D:10     | Noticed a two-headed ogre
  9168 | D:10     | Reached skill level 5 in Fighting
  9171 | D:10     | Noticed a two-headed ogre
  9176 | D:10     | Killed a two-headed ogre
  9190 | D:10     | Killed a two-headed ogre
  9192 | D:10     | Killed a two-headed ogre
  9279 | D:10     | Identified the +2 cloak of the Desolation of Salt {Harm
                  | Int+3}
  9377 | D:10     | Found a runed translucent gate.
  9377 | D:10     | Found a runed translucent gate.
  9377 | D:10     | Found a runed translucent gate.
  9449 | D:10     | Noticed TinSoldier's ghost (journeyman DsCA)
 10161 | D:11     | Noticed a two-headed ogre
 10167 | D:11     | Killed a two-headed ogre
 10185 | D:11     | Found a staircase to the Lair.
 10230 | D:11     | Reached XP level 12. HP: 63/66 MP: 11/13
 10287 | D:11     | Noticed a five-headed hydra
 10297 | D:11     | Killed a five-headed hydra
 10479 | D:11     | Found a staircase to the Orcish Mines.
 10609 | D:11     | Reached skill level 10 in Fighting
 11223 | D:11     | Reached skill level 5 in Dodging
 11306 | D:11     | Noticed Psyche
 11313 | D:11     | Killed Psyche
 11444 | D:11     | Noticed a two-headed ogre
 11460 | D:11     | Killed a two-headed ogre
 11990 | D:12     | Noticed a death knight
 12082 | D:11     | Killed a death knight
 12173 | D:12     | Noticed a two-headed ogre
 13082 | D:11     | Reached XP level 13. HP: 72/72 MP: 14/14
 14346 | D:13     | Noticed a vault guard
 14508 | D:13     | Reached skill level 10 in Dodging
 14508 | D:13     | Reached skill level 1 in Invocations
 14675 | D:13     | Noticed a vault guard
 14930 | Orc:1    | Entered Level 1 of the Orcish Mines
 15151 | Orc:2    | Entered Level 2 of the Orcish Mines
 15359 | Orc:2    | Found a staircase to the Elven Halls.
 15460 | Orc:2    | Reached skill level 5 in Invocations
 16189 | Orc:2    | Found Ofypsul's General Store.
 16189 | Orc:2    | Found Netudy's Assorted Antiques.
 16191 | Orc:2    | Found Fawiw's General Store.
 16193 | Orc:2    | Found Pyotoula's Book Shop.
 16339 | Orc:2    | Reached XP level 14. HP: 55/77 MP: 21/21
 16502 | Orc:1    | Noticed Erica
 16514 | Orc:1    | Killed Erica
 16726 | Orc:2    | Bought a potion of curing for 51 gold pieces
 16729 | Orc:2    | Bought a wand of iceblast (6) for 112 gold pieces
 16731 | Orc:2    | Bought a scroll of blinking for 90 gold pieces
 16731 | Orc:2    | Bought a scroll of identify for 24 gold pieces
 16731 | Orc:2    | Bought a scroll of teleportation for 36 gold pieces
 16731 | Orc:2    | Bought a scroll of identify for 24 gold pieces
 16731 | Orc:2    | Bought a scroll of holy word for 90 gold pieces
 16731 | Orc:2    | Bought a potion of flight for 36 gold pieces
 16733 | Orc:2    | Reached XP level 15. HP: 80/80 MP: 23/23
 16734 | Orc:2    | Reached skill level 17 in Unarmed Combat
 16734 | Orc:2    | Reached XP level 16. HP: 85/85 MP: 24/24
 16976 | D:14     | Reached skill level 10 in Invocations
 17173 | D:13     | Reached skill level 10 in Stealth
 17992 | D:15     | Entered Level 15 of the Dungeon
 18053 | D:15     | Reached skill level 5 in Armour
 18227 | D:15     | Found a bloodstained altar of Trog.
 18358 | D:15     | Noticed Kirke
 18371 | D:15     | Killed Kirke
 18482 | D:15     | Reached skill level 18 in Unarmed Combat
 18645 | D:15     | Found a staircase to the Depths.
 18712 | D:15     | Identified the +0 leather armour "Soskehaygh" {*Slow Regen+
                  | Int+5 SInv}
 19057 | D:13     | Found a gate to the Vaults.
 19218 | Lair:1   | Entered Level 1 of the Lair of Beasts
 19251 | Lair:1   | Identified the +1 ring mail "Hiosuntu" {rElec rN+}
 19283 | Lair:1   | Noticed Urug
 19296 | Lair:1   | Killed Urug
 19581 | Lair:1   | Reached skill level 19 in Unarmed Combat
 20268 | Lair:2   | Found a staircase to the Swamp.
 21231 | Lair:3   | Identified a scroll of acquirement
 21232 | Lair:3   | Acquired 1114 gold pieces
 21810 | Lair:4   | Found a stormy altar of Qazlal.
 21959 | Lair:4   | Found a hole to the Spider Nest.
 22047 | Lair:4   | Noticed Josephine
 22058 | Lair:4   | Killed Josephine
 22114 | Lair:4   | Reached skill level 20 in Unarmed Combat
 22121 | Lair:4   | Reached XP level 17. HP: 79/89 MP: 25/25
 23265 | Lair:5   | Found a viscous altar of Jiyva.
 23266 | Lair:5   | Found a staircase to the Slime Pits.
 23932 | Lair:6   | Entered Level 6 of the Lair of Beasts
 24302 | Lair:6   | Reached skill level 21 in Unarmed Combat
 24610 | Lair:6   | Found the +3 salamander hide armour {Flames rF++ rC--}
 25234 | Elf:1    | Entered Level 1 of the Elven Halls
 25516 | Elf:1    | Got the Guide on Black Rites
 25593 | Elf:1    | Noticed a Tzitzimitl
 25805 | Elf:1    | Paralysed by an air elemental for 1 turns
 26055 | Elf:1    | Found a runed translucent door.
 26059 | Elf:1    | Noticed Kaobra's ghost (adept GnWz)
 26344 | Elf:1    | Noticed a deep elf master archer
 26354 | Elf:1    | Shot with an arrow by a deep elf master archer

Illustrated notes

Levels and vault maps discovered:
D:1:      dpeg_arrival_windows_large_door, layout_loops_corners, serial_shops,
          shop, kennysheep_decorative_pillar, minmay_misc_feat_square
D:2:      minmay_evil_eye, layout_basic, nicolae_ecumenical_lake_church,
          amcnicky_mini_rare_corridor_liquid, chequers_serial_rivers_micro_b,
          serial_park_tiny_1, uniq_natasha
D:3:      minmay_chambers_of_threes, layout_rooms, fedhas_altar_fruit_tree,
          gammafunk_temple_overflow_claw, nicolae_dithmenos_shadow_blocks,
          gup_sewer_entry_glass, chequers_serial_rivers_room_a
D:4:      layout_cave_pools, kennysheep_little_box, dk_rats_in_the_wall
D:5:      minmay_polygon_palace, layout_basic, hangedman_decor_opposing,
          minmay_manual_monolith
D:6:      layout_cave_pools
D:7:      kennysheep_windowed_halls, layout_loops_ring
D:8:      layout_basic, mainiacjoe_overflow_paths, corner_web_ring,
          minmay_misc_feat_chi, minmay_quadrilaterals
D:9:      layout_long_grid
D:10:     layout_stronghold, gammafunk_ghost_icy
D:11:     layout_basic, minmay_lair_entry_grove, hiddenorc2_lemuel, uniq_psyche
D:12:     layout_cross
D:13:     layout_irregular_city, grunt_vaults_entry_fortified
D:14:     nicolae_cairo_tiling_large_dashed, layout_irregular_city,
          serial_glass, glass_columns_a, glass_columns_b, glass_columns_b,
          glass_columns_a, glass_columns_a, glass_columns_b, glass_columns_b,
          glass_columns_a, hex_medium, kennysheep_generic_room_3
D:15:     gammafunk_enter_depths_forms, layout_rooms, serial_bayou_pond_b,
          trog_hazing_becter, uniq_kirke
Lair:1:   layout_loops_ring, chequers_serial_rivers_micro_e,
          serial_bayou_shore_a, uniq_urug
Lair:2:   layout_gridlike, minmay_swamp_entry_worms,
          chequers_serial_rivers_large_a, grunt_megastairs_4, lemuel_fruit_tree
Lair:3:   layout_roguey, serial_bayou_lagoon_a, beast_lair_carwin_4,
          infiniplex_staircase_pool_2
Lair:4:   layout_layer_cave, hellmonk_spider_entry_life_and_decay,
          nicolae_quartered_pool_impasse, lemuel_altar_in_water2, uniq_josephine
Lair:5:   lemuel_slime, layout_cave_pods, slime_altar_1, lemuel_fruit_fields
Lair:6:   gammafunk_lair_ancient_temple, layout_loops_ring
Orc:1:    layout_caves, uniq_erica
Orc:2:    st_orc_rangers, layout_diamond_mine
Elf:1:    minmay_elf_arrival_summoners, layout_gridlike,
          hellmonk_ghost_happy_afterlife, minmay_elf_necromancy,
          nicolae_elf_archery_training, lemuel_upstairs_altar

Skill      XL: |  1  2  3  4  5  6  7  8  9 10 11 12 13 14 15 16 17 |
---------------+----------------------------------------------------+-----
Unarmed Combat | 4 5 6 7 9 11 13 16 17 20 21 | 21.0
Armour         | 2 3 5 |  5.0
Fighting       | 9 10 13 | 13.2
Dodging        | 8 10 | 10.0
Invocations    | 8 9 10 | 10.0
Stealth        | 7 10 | 10.0

Action                   |  1- 3 |  4- 6 |  7- 9 | 10-12 | 13-15 | 16-18 || total
-------------------------+-------+-------+-------+-------+-------+-------++-------
Melee: Unarmed           |    86 |   225 |   297 |   723 |   322 |   899 ||  2552
       Bite              |    18 |    55 |   100 |   253 |   133 |   369 ||   928
       Punch             |     3 |     8 |    20 |    75 |    36 |   144 ||   286
Throw: Dart              |       |     6 |    12 |    31 |    21 |    13 ||    83
       Javelin           |       |       |       |       |       |     7 ||     7
       Throwing net      |       |       |       |       |       |     1 ||     1
Invok: Wall of Briars    |       |       |       |     2 |     5 |     1 ||     8
       Grow Ballistomyce |       |       |       |       |     6 |    13 ||    19
       Overgrow          |       |       |       |       |       |     2 ||     2
       Grow Oklob        |       |       |       |       |       |     1 ||     1
Evoke: Wand              |       |       |       |     4 |     1 |     2 ||     7
  Use: Scroll            |       |     5 |     8 |    15 |     4 |    15 ||    47
       Potion            |       |       |     1 |     1 |     4 |     4 ||    10
 Stab: Sleeping          |     4 |     3 |     3 |     3 |     1 |    17 ||    31
       Distracted        |       |       |       |     2 |       |     5 ||     7
       Invisible         |       |       |       |     1 |     2 |       ||     3
       Paralysed         |       |       |       |       |     2 |       ||     2
       Confused          |       |       |       |       |     1 |     7 ||     8
Armor: Robe              |    17 |       |       |    12 |       |    18 ||    47
       Ring mail         |     7 |    67 |   119 |    43 |       |    36 ||   272
       Steam dragon scal |       |       |       |    52 |       |       ||    52
       Troll leather arm |       |       |       |    45 |       |       ||    45
       Acid dragon scale |       |       |       |    50 |   105 |   314 ||   469
Dodge: Dodged            |    53 |    92 |   213 |   543 |   352 |   751 ||  2004
